 Dungeon Crawl Stone Soup version 0.31-a0-355-g57cb03d3e8 (webtiles) character file.

Game seed: 2170261937998161984

881 bobarctor the Insei (level 7, 0/48 HPs)
             Began as a Demonspawn Shapeshifter on July 25, 2023.
             Was an Initiate of Trog.
             Slain by an orc warrior
             ... wielding a +1 short sword of freezing
              (1 damage)
             ... on level 6 of the Dungeon.
             The game lasted 00:26:05 (5852 turns).

bobarctor the Insei (Demonspawn Shapeshifter)       Turns: 5852, Time: 00:26:06

Health: 0/48       AC: 11    Str: 21    XL:     7   Next: 75%
Magic:  16/16      EV:  8    Int:  9    God:    Trog [......]
Gold:   230        SH:  4    Dex: 16    Spells: 5/6 levels left

rFire   . .          .
                       - Unarmed
rCold   + . .        (no shield)
rNeg    . . .        B - +0 shadow dragon scales
rPois   .            (helmet currently unavailable)
rElec   .            (cloak currently unavailable)
rCorr   +            (gloves currently unavailable)
SInv    .            (boots currently unavailable)
Will    .....        (no amulet)
Stlth   ++           t - ring "Gyenkig" {rC+ Will- rCorr Str+6}
HPRegen 0.28/turn    v - ring of magical power
MPRegen 0.15/turn

%: no passive effects
@: beast-form
A: beast (slay +3), large bone plates 1, demonic guardian 2
a: Begin Untransformation, Renounce Religion


You were on level 6 of the Dungeon.
You worshipped Trog.
Trog was noncommittal.
You were a hulking beast.
You visited 2 branches of the dungeon, and saw 7 of its levels.

You collected 326 gold pieces.
You spent 96 gold pieces at shops.

Inventory:

Hand Weapons
 a - a +2 trident of venom
 k - a +3 spear of venom
Missiles
 f - 41 stones
 h - a boomerang
 i - a javelin
 p - 15 poisoned darts (quivered)
 u - 2 throwing nets
Armour
 B - +0 shadow dragon scales (worn)
Jewellery
 o - a ring of ice
 r - a ring of fire
 t - the ring "Gyenkig" (left hand) {rC+ Will- rCorr Str+6}
   (You bought it in a shop on level 2 of the Dungeon)

   [ring of strength]

   Str:       It affects your strength (+6).
   rC:        It protects you from cold.
   rCorr:     It protects you from acid and corrosion.
   Will:      It decreases your willpower.
 v - a ring of magical power (right hand)
Talismans
 d - a beast talisman
 w - a blade talisman
Wands
 x - a wand of roots (9)
Scrolls
 b - a scroll of blinking
 y - 3 scrolls of amnesia {unknown}
Potions
 m - a potion of invisibility
 n - 2 potions of attraction
 q - 2 potions of might
 z - a potion of curing
 A - a potion of enlightenment
 C - a potion of heal wounds
 D - a potion of ambrosia {unknown}


   Skills:
 + Level 1.6 Fighting
 + Level 2.4 Dodging
 + Level 0.9 Shields
 * Level 6.6 Unarmed Combat
 - Level 0.3 Spellcasting
 - Level 0.5 Necromancy
 * Level 4.6 Shapeshifting


You had 5 spell levels left.
You knew the following spells:

 Your Spells              Type           Power      Damage    Failure   Level
a - Necrotise             Necr           4%         1d4       98%         1

Your spell library contained the following spells:

 Spells                   Type           Power      Damage    Failure   Level
 Apportation              Tloc           0%         N/A       99%         1
 Freeze                   Ice            0%         1d3       99%         1
 Summon Small Mammal      Summ           0%         N/A       99%         1
 Ensorcelled Hibernation  Hex/Ice        0%         N/A       100%        2
 Frozen Ramparts          Ice            0%         1d1       100%        3
 Hailstorm                Conj/Ice       0%         3d3       100%        3
 Anguish                  Hex/Necr       0%         N/A       100%        4


Dungeon Overview and Level Annotations

Branches:
Dungeon (6/15)             Temple (1/1) D:6

Altars:
Ashenzari
Cheibriados
Fedhas
Gozag
Hepliaklqana
Kikubaaqudgha
Nemelex Xobeh
Okawaru
Qazlal
Sif Muna
Trog
Uskayaw
Vehumet
Wu Jian
Xom
Yredelemnul

Shops:
D:2 *   D:4 (   D:5 [

Annotations:
D:4 3 runed translucent doors, Maxmaps's ghost, novice OgSh


Innate Abilities, Weirdness & Mutations

You are a hulking beast.
Your limbs bulge with bestial killing power. (Slay +3)
You are partially covered in large bone plates. (SH +4)
A demonic guardian rushes to your aid.


Message History

You hit the orc warrior.
You punch the orc warrior, but do no damage.
The orc warrior is moderately wounded.
The orc warrior hits you with a +1 short sword of freezing!
The orc warrior freezes you.
You hit the orc warrior but do no damage.
The orc warrior is moderately wounded.
You block the orc warrior's attack.
You barely miss the orc warrior.
The orc warrior is moderately wounded.
The orc warrior hits you with a +1 short sword of freezing.
You closely miss the orc warrior.
The orc warrior is moderately wounded.
The orc warrior hits you but does no damage.
You hit the orc warrior.
The orc warrior is heavily wounded.
You block the orc warrior's attack.
You hit the orc warrior.
The orc warrior is heavily wounded.
You barely miss the orc warrior.
The orc warrior is heavily wounded.
The orc warrior hits you but does no damage.
You hit the orc warrior but do no damage.
The orc warrior is heavily wounded.
The orc warrior hits you with a +1 short sword of freezing!
* * * LOW HITPOINT WARNING * * *
The orc warrior freezes you.
* * * LOW HITPOINT WARNING * * *
You closely miss the orc warrior.
The orc warrior is heavily wounded.
The orc warrior closely misses you.
You hit the orc warrior.
The orc warrior is severely wounded.
The orc warrior hits you but does no damage.
You closely miss the orc warrior.
The orc warrior is severely wounded.
The orc warrior hits you with a +1 short sword of freezing!
* * * LOW HITPOINT WARNING * * *
A demonic guardian appears!
The orc warrior freezes you.
You die...

...#.>.#....##..#.##'##.#...#####
..#.#.#.#.#.##..#......##......)#
...#.#.#....#...##.....##..####).
....#.#...#......'.._......# ###
................##.........#
......#..........#.........#
......†.#.......####..#.#..#
......###........##...#.#..######
.....####.......ho..............#
......##..........4........#.....
....#.##................####.....
#####.##................# ##.....
.##..[............## #.<....
.##...............# ##......
.###.............## #....... ..
##...>.......## #.......
######......# #...)...


You could see an orc warrior (ally target) and a friendly hellwing (summoned).

Vanquished Creatures
  A sky beast (D:6)
  A phantom (D:4)
  2 scorpions (D:4)
  2 jellies
  An orc priest (D:6)
  An iron imp (D:6)
  4 orc wizards
  An iguana (D:4)
  4 gnolls
  7 adders
  A white imp (D:5)
  2 ufetubi
  2 worms
  4 dart slugs
  7 orcs
  10 ball pythons
  7 endoplasms
  6 giant cockroaches (D:4)
  6 goblins
  12 hobgoblins
  7 kobolds
  3 quokkas
  A frilled lizard (D:1)
  3 goblin skeletons (D:6)
  5 hobgoblin zombies (D:6)
  A kobold skeleton (D:6)
  A kobold zombie (D:6)
  6 rats
108 creatures vanquished.

Vanquished Creatures (collateral kills)
  A black bear (D:2)
  A mummy (D:4)
  3 gnolls
  An orc (D:5)
6 creatures vanquished.

Grand Total: 114 creatures vanquished

Notes
Turn   | Place    | Note
-------+----------+-------------------------------------------
     0 | D:1      | bobarctor the Demonspawn Shapeshifter began the quest for
                  | the Orb.
     0 | D:1      | Reached XP level 1. HP: 15/15 MP: 1/1
   216 | D:1      | Gained mutation: You are partially covered in large bone
                  | plates. (SH +4) [demonic ancestry]
   216 | D:1      | Reached XP level 2. HP: 21/21 MP: 2/2
   322 | D:1      | Reached skill level 3 in Unarmed Combat
   414 | D:1      | Found a faded altar of an unknown god.
  1063 | D:2      | Gained mutation: A weak demonic guardian rushes to your
                  | aid. [demonic ancestry]
  1063 | D:2      | Reached XP level 3. HP: 16/26 MP: 3/3
  1152 | D:2      | Noticed a black bear
  1168 | D:2      | Killed a black bear
  1169 | D:2      | Reached skill level 4 in Unarmed Combat
  1169 | D:2      | Reached XP level 4. HP: 7/32 MP: 4/4
  1363 | D:2      | Found Besmead's Assorted Antiques.
  1369 | D:2      | Bought a scroll labelled RUTUD TIJOANN for 16 gold pieces
  1369 | D:2      | Bought a brightly glowing pewter ring for 80 gold pieces
  1369 | D:2      | Identified the ring "Gyenkig" {rC+ Will- rCorr Str+6} (You
                  | bought it in a shop on level 2 of the Dungeon)
  1429 | D:2      | Reached XP level 5. HP: 28/37 MP: 5/5
  2362 | D:3      | You fall into a shaft and drop 2 floors!
  2362 | D:5      | Entered Level 5 of the Dungeon
  2385 | D:4      | Found a snail-covered altar of Cheibriados.
  2527 | D:4      | Found Jegofouha's Firing Range.
  2529 | D:4      | Found a runed translucent gate.
  2563 | D:4      | Found a runed translucent gate.
  2563 | D:4      | Found a runed translucent gate.
  2563 | D:4      | Noticed Maxmaps's ghost (novice OgSh)
  2640 | D:4      | Reached skill level 5 in Unarmed Combat
  2805 | D:4      | Reached XP level 6. HP: 37/43 MP: 6/6
  3422 | D:4      | Gained mutation: A demonic guardian rushes to your aid.
                  | [demonic ancestry]
  3422 | D:4      | Reached XP level 7. HP: 45/48 MP: 7/7
  3923 | D:5      | Found Baal's Dragon-Slaying Spoils.
  4214 | D:5      | Reached skill level 6 in Unarmed Combat
  4653 | D:3      | Learned a level 1 spell: Necrotise
  5647 | D:6      | Found a staircase to the Ecumenical Temple.
  5661 | Temple   | Entered the Ecumenical Temple
  5734 | Temple   | Became a worshipper of Trog the Wrathful
  5852 | D:6      | HP: 1/48 [orc warrior/+1 short sword of freezing (11)]
  5852 | D:6      | Slain by an orc warrior

Illustrated notes

Levels and vault maps discovered:
D:1:      dpeg_cavernosity, layout_basic, ebering_ecumenical_altar_box,
          serial_forest, infiniplex_forest_clump_small,
          infiniplex_forest_side_room, infiniplex_forest_end_1,
          infiniplex_forest_clump_cross, infiniplex_forest_3_way,
          infiniplex_forest_clump_small
D:2:      layout_basic, serial_shops, shop
D:3:      layout_loops_ring
D:4:      minmay_general_purpose_star, layout_rooms, slow_altar_2,
          gammafunk_ghost_nasty_kobolds, gup_sewer_entry_spiral,
          grunt_decor_cap, serial_bayou_pond_b, nicolae_shop_firing_range
D:5:      layout_loops_ring, enter_ossuary_1, kennysheep_small_spiral,
          nicolae_shop_dragon_depot
D:6:      layout_cave_pods, grunt_temple_overflow_order_and_chaos_2,
          nicolae_tso_besieged_by_evil, minmay_temple_entry_grid,
          ebering_ghost_disaster_area
Temple:   nicolae_temple_superstar

Skill      XL: |  1  2  3  4  5  6  7 |
---------------+----------------------+-----
Unarmed Combat | 3 4 5 6 |  6.6
Shapeshifting  | 3 4 |  4.6
Dodging        | 2 |  2.4
Fighting       | |  1.6
Shields        | |  0.9
Spellcasting   | |  0.3
Necromancy     | |  0.5

Action                     |  1- 3 |  4- 6 |  7- 9 || total
---------------------------+-------+-------+-------++-------
  Melee: Unarmed           |    65 |   148 |   131 ||   344
         Punch             |     2 |     5 |     3 ||    10
  Throw: Dart              |     6 |     7 |       ||    13
    Use: Scroll            |       |     8 |     6 ||    14
   Stab: Sleeping          |     1 |     2 |     2 ||     5
 Armour: Animal skin       |     5 |    12 |    12 ||    29
         Shadow dragon sca |       |       |     3 ||     3
  Dodge: Dodged            |    44 |    65 |    54 ||   163
  Block: Other             |     5 |    21 |     9 ||    35
         Form:             |     1 |       |       ||     1
         Beast             |     1 |       |       ||     1

Table legend: (Time is in decaauts)
 A = Elapsed time spent in this place.
 B = Non-inter-level travel time spent in this place.
 C = Inter-level travel time spent in this place.
 D = Time resting spent in this place.
 E = Time spent auto-exploring this place.
 F = Levels seen in this place.
 G = Mean time per level.
                   A        B        C        D        E       F      G
               +--------+--------+--------+--------+--------+-----+--------+
         Total |   5865 |   5575 |    290 |    599 |   3503 |   7 |  837.9 |
       Dungeon |   5725 |   5435 |    290 |    599 |   3503 |   6 |  954.2 |
        Temple |    139 |    139 |      0 |      0 |      0 |   1 |  139.0 |
               +--------+--------+--------+--------+--------+-----+--------+

Top non-repeatable levels by time:
     D:4: 1287 daAuts
     D:1: 1038 daAuts
     D:5: 1027 daAuts
     D:2: 975 daAuts
     D:3: 739 daAuts
     D:6: 657 daAuts
  Temple: 139 daAuts
